 Dungeon Crawl Stone Soup version 0.29-a0-723-gce39da1c22 (webtiles) character file.

Game seed: 676319710048589888

602 blackman the Cleaver (level 7, 0/54 HPs)
             Began as a Human Delver on June 28, 2022.
             Slain by a centaur (5 damage)
             ... on level 5 of the Dungeon.
             The game lasted 00:07:03 (6879 turns).

blackman the Cleaver (Human Delver)                 Turns: 6879, Time: 00:07:03

Health: 0/54       AC:  9    Str: 15    XL:     7   Next: 69%
Magic:  7/7        EV:  7    Int: 10    God:
Gold:   139        SH:  0    Dex: 14    Spells: 6/6 levels left

rFire   . . .      SeeInvis .   i - +0 war axe
rCold   . . .      Faith    .   (no shield)
rNeg    . . .      Spirit   .   k - +0 chain mail
rPois   .          Reflect  .   (no helmet)
rElec   .          Harm     .   (no cloak)
rCorr   .          Rampage  .   j - +0 pair of gloves
Will    .....                   (no boots)
Stlth   ..........              (no amulet)
HPRegen 0.18/turn               (no ring)
MPRegen 0.10/turn               (no ring)

@: hasted, very quick
A: no striking features
a: no special abilities


You were on level 5 of the Dungeon.
You visited 1 branch of the dungeon, and saw 3 of its levels.

You collected 139 gold pieces.

Inventory:

Hand Weapons
 a - a +0 hand axe
 i - a +0 war axe (weapon)
 r - a +2 battleaxe
Missiles
 l - 10 poisoned darts (quivered)
Armour
 b - a +0 leather armour
 j - a +0 pair of gloves (worn)
 k - a +0 chain mail (worn)
Jewellery
 q - an amulet of the acrobat
Wands
 g - a wand of digging (3)
 m - a wand of polymorph (11)
 n - a wand of iceblast (8)
 o - a wand of paralysis (3)
Scrolls
 c - 2 scrolls of fog
 d - 3 scrolls of magic mapping
 e - a scroll of fear
 h - a scroll of amnesia {unknown}
 p - 2 scrolls of identify


   Skills:
 * Level 4.0 Fighting
 - Level 13.0 Axes
 * Level 2.3 Armour
 - Level 2.0 Dodging
 - Level 5.0 Stealth


You had 6 spell levels left.
You didn't know any spells.
Your spell library was empty.

Dungeon Overview and Level Annotations

Branches:
Dungeon (6/15)
 Temple: D:4-7

Altars:
Cheibriados
Trog

Shops:
D:5 [*(


Message History

You kill the hound!
You barely miss the quokka.
The centaur shoots an arrow.
The arrow hits you.
The quokka bites you but does no damage.
Your Fighting skill increases to level 4!
The centaur unwields a +0 shortbow.
The centaur hits you but does no damage.
The centaur kicks you but does no damage.
The quokka bites you but does no damage.
You hit the centaur but do no damage. You slash the quokka!
You kill the quokka!
The centaur hits you.
* * * LOW HITPOINT WARNING * * *
The centaur barely misses you.
You barely miss the centaur. The centaur hits you.
* * * LOW HITPOINT WARNING * * *
The centaur kicks you but does no damage.
You slash the centaur!
The centaur is heavily wounded.
The centaur hits you.
* * * LOW HITPOINT WARNING * * *
The centaur kicks you but does no damage.
You barely miss the centaur.
The centaur is heavily wounded.
The centaur hits you but does no damage.
The centaur closely misses you.
You barely miss the centaur.
The centaur is heavily wounded.
You slash the centaur!
The centaur is almost dead.
The centaur barely misses you. The centaur kicks you.
* * * LOW HITPOINT WARNING * * *
You closely miss the centaur.
The centaur is almost dead.
The centaur hits you but does no damage.
The centaur kicks you.
* * * LOW HITPOINT WARNING * * *
You hit the centaur but do no damage.
The centaur is severely wounded.
The centaur hits you.
You die...

###...#.......#########
###...#...............#
......#...............#...
......'.........†..........
......#∩................###
.##.###................##
.##.#........#...#....##
....#.........#.#.....8..
....#........[.∩@c.......
....#.........#.#.........
....#........#...#....8...
....#.................##.
#'###.......#####......#
.............. .......
............... .......
............... ......
...............


You could see a centaur.

Vanquished Creatures
  A centaur (D:6)
  A scorpion (D:5)
  A wight (D:5)
  A killer bee (D:6)
  A howler monkey (D:5)
  A jelly (D:6)
  2 hounds (D:5)
  An iguana (D:5)
  2 orc wizards (D:5)
  2 adders
  2 white imps
  An ufetubus (D:6)
  A dart slug (D:5)
  6 orcs
  A kobold (D:4)
  A quokka (D:5)
  A ball python (D:4)
26 creatures vanquished.

Notes
Turn   | Place    | Note
-------+----------+-------------------------------------------
     0 | D:5      | blackman the Human Delver began the quest for the Orb.
     0 | D:5      | Reached XP level 1. HP: 18/18 MP: 1/1
    31 | D:5      | Reached XP level 2. HP: 7/24 MP: 2/2
   714 | D:4      | Reached skill level 3 in Axes
  1266 | D:4      | Reached XP level 3. HP: 25/29 MP: 3/3
  1762 | D:5      | Found Xogavvem's Armour Boutique.
  1784 | D:5      | Reached skill level 4 in Axes
  1784 | D:5      | Reached XP level 4. HP: 35/35 MP: 4/4
  2071 | D:6      | Noticed a centaur
  2359 | D:5      | Reached XP level 5. HP: 18/41 MP: 5/5
  4029 | D:5      | Reached skill level 13 in Axes
  4029 | D:5      | Reached XP level 6. HP: 6/47 MP: 6/6
  4795 | D:6      | Found a bloodstained altar of Trog.
  4812 | D:6      | Found a snail-covered altar of Cheibriados.
  4957 | D:6      | Reached skill level 1 in Armour
  5482 | D:6      | Reached XP level 7. HP: 43/52 MP: 7/7
  5575 | D:6      | HP: 2/52 [poisoned by a killer bee]
  6783 | D:5      | Found Nes Sog's Assorted Antiques.
  6805 | D:5      | Found Teticucah's Weapon Shoppe.
  6879 | D:5      | Slain by a centaur

Illustrated notes

Levels and vault maps discovered:
D:4:      layout_loops_ring, uniq_ijyb
D:5:      layout_gridville, jmf_multi_god_temple, serial_shops,
          nicolae_shop_advertising_works [nicolae_subvault_shop_adworks], shop,
          kennysheep_mini
D:6:      layout_layer_cave, mainiacjoe_overflow_alcove_2,
          trog_three_pillars_becter, nicolae_sextant

Skill      XL: |  1  2  3  4  5  6  7 |
---------------+----------------------+-----
Axes           | 3 4 13 | 13.0
Armour         | 1 2 |  2.3
Fighting       | 4 |  4.0
Dodging        | |  2.0
Stealth        | |  5.0

Action                   |  1- 3 |  4- 6 |  7- 9 || total
-------------------------+-------+-------+-------++-------
Melee: Hand axe          |    19 |       |       ||    19
       War axe           |    36 |    38 |    50 ||   124
       Punch             |       |     1 |     2 ||     3
Throw: Dart              |       |       |     2 ||     2
Evoke: Wand              |       |     1 |     3 ||     4
  Use: Potion            |       |     2 |     1 ||     3
       Scroll            |       |       |     2 ||     2
 Stab: Paralysed         |       |     2 |       ||     2
Armor: Leather armour    |    11 |       |       ||    11
       Chain mail        |     4 |    31 |    42 ||    77
Dodge: Dodged            |    47 |    18 |    15 ||    80

Table legend: (Time is in decaauts)
 A = Elapsed time spent in this place.
 B = Non-inter-level travel time spent in this place.
 C = Inter-level travel time spent in this place.
 D = Time resting spent in this place.
 E = Time spent auto-exploring this place.
 F = Levels seen in this place.
 G = Mean time per level.
                   A        B        C        D        E       F      G
               +--------+--------+--------+--------+--------+-----+--------+
         Total |   6893 |   6794 |     99 |   5729 |    594 |   3 | 2297.7 |
       Dungeon |   6893 |   6794 |     99 |   5729 |    594 |   3 | 2297.7 |
               +--------+--------+--------+--------+--------+-----+--------+

Top non-repeatable levels by time:
     D:5: 4781 daAuts
     D:6: 1383 daAuts
     D:4: 728 daAuts
